Map: Rorschach LE

Players

Red - Winner!

  • Race: Terran Terran
  • League: Grandmaster
  • Spawn Location: 7:00

RipNHammer

  • Race: Terran Terran
  • League: Master
  • Spawn Location: 5:00

VOD

Have the link to the VOD?

Description

Time

  • Played on: Sept. 7, 2026, 1:55 p.m.
  • Length: 4:35
Show
View Real Time Build Order
Export as new Build Order

Red Terran - Winner!

Build Orders:  

Get SALT Encoding   

  8  0:00  SCV  
  9  0:12  SCV  
  10  0:24  SCV  
  11  0:28  Supply Depot  
  11  0:36  SCV  
  12  0:48  SCV  
  13  0:55  Barracks  
  13  1:01  SCV  
  14  1:06  Refinery  
  14  1:13  SCV  
  14  1:18  Refinery  
  15  1:25  SCV  
  16  1:42  Orbital Command  
  16  1:46  Reaper  
  17  2:04  Factory  
  17  2:08  SCV  
  18  2:20  Supply Depot  
  18  2:22  Reaper  
  19  2:27  SCV  
  20  2:39  SCV  
  21  2:49  Factory Tech Lab  
  21  2:50  Command Center  
  21  2:54  SCV  
  21  2:58  Barracks Reactor  
  22  3:06  SCV  
  22  3:08  Cyclone  
  22  3:12  Supply Depot  
  26  3:18  SCV  
  27  3:30  SCV  
  27  3:48  Cyclone  
  30  3:54  Starport  
  30  3:55  Marine x2  
  32  3:56  SCV  
  33  4:06  Supply Depot  
  33  4:08  SCV  
Show
View Real Time Build Order
Export as new Build Order

RipNHammer Terran 

Build Orders:  

Get SALT Encoding   

  8  0:00  SCV  
  9  0:12  SCV  
  10  0:24  SCV  
  11  0:36  SCV  
  11  0:41  Supply Depot  
  12  0:49  SCV  
  13  1:02  SCV  
  13  1:03  Barracks  
  14  1:08  Refinery  
  14  1:14  SCV  
  15  1:20  Refinery  
  15  1:33  SCV  
  15  1:38  Barracks  
  16  1:48  Barracks  
  16  1:54  Reaper  
  16  2:00  SCV  
  18  2:09  Refinery  
  18  2:26  Reaper  
  18  2:27  Supply Depot  
  19  2:30  Reaper  
  19  2:43  Reaper  
  20  2:48  SCV  
  21  3:00  Reaper  
  21  3:04  Supply Depot  
  21  3:05  Reaper  
  23  3:17  Reaper  
  23  3:19  SCV  
  25  3:34  Reaper  
  26  3:44  Reaper  
  26  3:47  Orbital Command  
  26  3:51  Reaper  
Tags
 
Matchup
TvT
Race
Terran
Replay Pack
RipNHammer
Spawn Locations
Close Positions
Add a new tag
Caveats
  • Supply blocks, unpowered buildings, or Contaminate may cause inaccurate times.
  • Supply counts are checked every 10 seconds.